 Dungeon Crawl Stone Soup version 0.28.0 (webtiles) character file.

Game seed: 13644357360323192088

403 danielguo94 the Cudgeller (level 6, -2/38 HPs)
             Began as a Gargoyle Fighter on Feb 6, 2022.
             Slain by a hornet (4 damage)
             ... on level 4 of the Dungeon.
             The game lasted 00:05:44 (3649 turns).

danielguo94 the Cudgeller (Gargoyle Fighter)        Turns: 3649, Time: 00:05:44

Health: -2/38      AC: 14    Str: 21    XL:     6   Next: 86%
Magic:  6/6        EV:  9    Int:  9    God:
Gold:   128        SH:  4    Dex:  9    Spells: 5/5 levels left

rFire   . . .      SeeInvis .   a - +0 flail
rCold   . . .      Faith    .   c - +0 buckler
rNeg    + . .      Spirit   .   b - +0 scale mail
rPois   ∞          Reflect  .   p - +0 helmet
rElec   +          Harm     .   (no cloak)
rCorr   .          Rampage  .   e - +0 pair of gloves
Will    .....                   (no boots)
Stlth   ..........              (no amulet)
HPRegen 0.12/turn               (no ring)
MPRegen 0.10/turn               (no ring)

@: mighty
A: sickness immunity, AC +4, negative energy resistance 1, electricity
resistance, torment resistance 1, petrification resistance
a: no special abilities


You were on level 4 of the Dungeon.
You visited 1 branch of the dungeon, and saw 4 of its levels.

You collected 128 gold pieces.

Inventory:

Hand Weapons
 a - a +0 flail (weapon)
 t - a +2 vampiric war axe
Missiles
 f - 189 stones
 h - 8 poisoned darts (quivered)
Armour
 b - a +0 scale mail (worn)
 c - a +0 buckler (worn)
 e - a +0 pair of gloves (worn)
 p - a +0 helmet (worn)
Jewellery
 l - a ring of fire
 u - an amulet of the acrobat
Scrolls
 i - a scroll of holy word {unknown}
 j - a scroll of torment {unknown}
 q - 2 scrolls of acquirement
 s - a scroll of teleportation
Potions
 k - a potion of berserk rage {unknown}
 m - a potion of attraction {unknown}
 n - a potion of degeneration {unknown}
 o - 2 potions of brilliance {unknown}
 r - 4 potions of flight


   Skills:
 + Level 4.3 Fighting
 * Level 5.5 Maces & Flails
 + Level 4.4 Armour
 + Level 1.2 Dodging
 + Level 3.6 Shields


You had 5 spell levels left.
You didn't know any spells.
Your spell library contained the following spells:

 Spells                   Type           Power      Damage    Failure   Level
 Magic Dart               Conj           0%         1d3       80%         1
 Searing Ray              Conj           0%         2d4       91%         2
 Dazzling Flash           Conj/Hex       0%         N/A       99%         3
 Fulminant Prism          Conj/Hex       0%         3d6       100%        4
 Iskenderun's Mystic Bla  Conj/Tloc      0%         2d3       100%        4
 Starburst                Conj/Fire      0%         6d3       100%        6


Dungeon Overview and Level Annotations

Branches:
Dungeon (4/15)
 Temple: D:4-7

Altars:
Elyvilon


Innate Abilities, Weirdness & Mutations

You are immune to sickness and miasma.
Your stone body is resilient. (AC +4)
You are immune to poison.
You resist negative energy. (rN+)
You are resistant to electric shocks. (rElec)
You are resistant to unholy torment.
You are immune to petrification.


Message History

Unknown command.
As you read the scroll labelled ENNOCALICOG, it crumbles to dust.
You feel strangely unstable.
It was a scroll of teleportation.
The hornet barely misses you. The hornet stings you!
* * * LOW HITPOINT WARNING * * *
Your surroundings suddenly seem different.
Found a mace.
You start resting.
A hornet is nearby!
You start resting.
A hornet is nearby!
You feel very mighty all of a sudden.
The hornet buzzes angrily.
Sorry, you're not good enough to have a special ability.
Unknown command.
Unknown command.
You sock the hornet!
The hornet is moderately wounded.
The hornet barely misses you. The hornet closely misses you.
You closely miss the hornet.
The hornet is moderately wounded.
The hornet stings you but does no damage. x2
You sock the hornet!
The hornet is heavily wounded.
The hornet stings you but does no damage.
You closely miss the hornet.
The hornet is heavily wounded.
The hornet stings you. You block the hornet's attack.
You hit the hornet.
The hornet is severely wounded.
The hornet misses you. The hornet stings you.
You barely miss the hornet.
The hornet is severely wounded.
The hornet barely misses you. You block the hornet's attack.
You closely miss the hornet.
The hornet is severely wounded.
The hornet stings you!
* * * LOW HITPOINT WARNING * * *
The hornet stings you.
You die...

###..# #....#
##....## #......###
........ #....###
#.....# #@y)##
###..# #...# #..##
### ##..###.###
....#..#. ..##....
..##...## ####
...##y.##.?..####...


You could see a hornet.

Vanquished Creatures
  3 scorpions (D:4)
  A centaur zombie (D:4)
  An orc wizard (D:3)
  A hound skeleton (D:4)
  4 adders
  3 worms
  4 dart slugs
  8 orcs
  5 bats
  8 endoplasms
  8 goblins
  10 hobgoblins
  3 jackals (D:4)
  12 kobolds
  2 quokkas
  5 ball pythons
  10 frilled lizards
  5 rats
93 creatures vanquished.

Notes
Turn   | Place    | Note
-------+----------+-------------------------------------------
     0 | D:1      | danielguo94 the Gargoyle Fighter began the quest for the
                  | Orb.
     0 | D:1      | Reached XP level 1. HP: 14/14 MP: 1/1
     8 | D:1      | Found a faded altar of an unknown god.
    50 | D:1      | Reached XP level 2. HP: 16/19 MP: 2/2
   377 | D:1      | Reached XP level 3. HP: 14/23 MP: 3/3
  1085 | D:2      | Reached skill level 3 in Maces & Flails
  1085 | D:2      | Reached XP level 4. HP: 28/29 MP: 4/4
  1836 | D:3      | Found a white marble altar of Elyvilon.
  2148 | D:3      | Identified 2 scrolls of acquirement
  2191 | D:3      | Reached XP level 5. HP: 30/33 MP: 5/5
  2612 | D:4      | Reached skill level 4 in Maces & Flails
  2612 | D:4      | Reached skill level 1 in Dodging
  2949 | D:3      | Reached XP level 6. HP: 32/38 MP: 6/6
  2953 | D:4      | Reached skill level 5 in Maces & Flails
  3462 | D:4      | Noticed a hornet
  3475 | D:4      | HP: 1/38 [hornet (9)]
  3649 | D:4      | Slain by a hornet

Illustrated notes

Levels and vault maps discovered:
D:1:      wander_arrival_desolate, layout_basic, ebering_ecumenical_altar_webs
D:2:      layout_basic, nrook_uturn, kennysheep_cross_bottleneck
D:3:      layout_rooms, overflow_temple_1_default, serial_aquarium,
          aquarium_bridge_island_small [aquarium_subvault_small_water,
          aquarium_subvault_bridge, aquarium_subvault_bridge,
          aquarium_subvault_window, aquarium_subvault_window],
          aquarium_bridge_square [aquarium_subvault_wall,
          aquarium_subvault_window, aquarium_subvault_bridge,
          aquarium_subvault_window], aquarium_window_fake,
          aquarium_window_corner, aquarium_view_2c
D:4:      layout_cave_pools, temple_doors_cd

Skill      XL: |  1  2  3  4  5  6 |
---------------+-------------------+-----
Maces & Flails | 3 4 5 |  5.5
Fighting       | 4 |  4.3
Armour         | 4 |  4.4
Dodging        | 1 |  1.2
Shields        | |  3.6

Action                   |  1- 3 |  4- 6 || total
-------------------------+-------+-------++-------
Melee: Flail             |   109 |   229 ||   338
  Use: Scroll            |     1 |     4 ||     5
       Potion            |       |     3 ||     3
Armor: Scale mail        |    52 |   138 ||   190
Dodge: Dodged            |    55 |   107 ||   162
Block: Buckler           |    25 |    55 ||    80
